 Dungeon Crawl Stone Soup version 0.26-a0-949-ga0cc1ef5f6 (webtiles) character file.

Game seed: 16604209031382584038

72 jestyr24 the Grave Robber (level 4, -3/36 HPs)
             Began as a Hill Orc Necromancer on Nov 29, 2020.
             Slain by an orc warrior
             ... wielding a +0 hand axe
              (13 damage)
             ... on level 2 of the Dungeon.
             The game lasted 00:10:59 (2330 turns).

jestyr24 the Grave Robber (Hill Orc Necromancer)    Turns: 2330, Time: 00:10:59

Health: -3/36      AC:  2    Str: 10    XL:     4   Next: 26%
Magic:  2/7        EV: 12    Int: 16    God:
Gold:   57         SH:  0    Dex: 11    Spells: 5/7 levels left

rFire    . . .     SeeInvis .   f - +0 whip
rCold    . . .     Faith    .   (no shield)
rNeg     . . .     Spirit   .   a - +0 robe
rPois    .         Reflect  .   (no helmet)
rElec    .         Harm     .   (no cloak)
rCorr    .         Rampage  .   (no gloves)
MR       .....                  (no boots)
Stlth    ++........             (no amulet)
HPRegen  0.12/turn              (no ring)
MPRegen  0.10/turn              (no ring)

@: very slightly contaminated
A: no striking features
a: Convert to Beogh


You were on level 2 of the Dungeon.
You visited 1 branch of the dungeon, and saw 2 of its levels.

You collected 57 gold pieces.

Inventory:

Hand Weapons
 d - a +0 club
 e - a +0 dagger
 f - a +0 whip (weapon)
 j - a +0 rapier
Armour
 a - a +0 robe (worn)
Scrolls
 c - a scroll of remove curse {unknown}
 g - a scroll of identify {unknown}
 h - a scroll of enchant weapon {unknown}
 i - a scroll of random uselessness {unknown}
Potions
 b - a potion of mutation {unknown}


   Skills:
 * Level 2.1 Fighting
 + Level 0.2 Maces & Flails
 * Level 1.1 Armour
 - Level 1.5 Dodging
 + Level 1.9 Stealth
 - Level 1.0 Unarmed Combat
 + Level 2.1 Spellcasting
 + Level 4.3 Necromancy


You had 5 spell levels left.
You knew the following spells:

 Your Spells              Type           Power        Failure   Level
a - Pain                  Necr           ###.         3%          1
b - Animate Skeleton      Necr           ###...       3%          1

Your spell library contained the following spells:

 Spells                   Type           Power        Failure   Level
 Vampiric Draining        Necr           ###.......   11%         3
 Animate Dead             Necr           ###.......   34%         4
 Agony                    Necr           ###.....     67%         5


Dungeon Overview and Level Annotations

Branches:
Dungeon (2/15)

Altars:
Hepliaklqana


Message History

You hit the orc warrior.
The orc warrior is moderately wounded.
The orc warrior barely misses you.
You barely miss the orc warrior.
The orc warrior is moderately wounded.
The orc warrior hits you with a +0 hand axe!
You barely miss the orc warrior.
The orc warrior is moderately wounded.
The orc warrior hits you with a +0 hand axe.
* * * LOW HITPOINT WARNING * * *
Casting: Pain (safe; 3% risk of failure)
Confirm with . or Enter, or press ? or * to list all spells.
Aiming: Pain (safe; 3% risk of failure)
Press: ? - help, Shift-Dir - straight line, f/p - orc warrior
Aim: an orc warrior, wielding a +0 hand axe and wearing a +0 chain mail (moderately wounded, chance to defeat MR: 73%)
You miscast Pain.
You are very lightly contaminated with residual magic.
Nothing appears to happen.
The orc warrior hits you with a +0 hand axe!
You die...

######..<.... #............
#.###.###### . #.# #.#§§≈§#
.. #.# #.§§.8≈# # ..# #.#
#.'≈_>≈#.# .. #.#
#.#§§≈≈#.# # ####
#####.#o###.######.###.#...
......oBgo@........'.......
###.##o######......#.#.#...


oo. ##..$###.#.###. ..... #.....#.#..... #.....< #.....#.#####. #.#.oo.
#....<........ # o.... #...###.#####. .....B #...#..... #. #...#.#.### #. You
could see an orc warrior, a worker ant, 2 orc priests, an orc wizard (fast) and
a hobgoblin.

Vanquished Creatures
  3 adders (D:2)
  A worm (D:2)
  A dart slug (D:1)
  2 orcs (D:2)
  5 bats
  2 giant cockroaches (D:1)
  4 goblins (D:1)
  3 hobgoblins (D:1)
  7 jackals
  2 frilled lizards (D:1)
  4 kobolds
  2 rats (D:1)
36 creatures vanquished.

Vanquished Creatures (collateral kills)
  A rat (D:2)
1 creature vanquished.

Grand Total: 37 creatures vanquished

Notes
Turn   | Place    | Note
-------+----------+-------------------------------------------
     0 | D:1      | jestyr24 the Hill Orc Necromancer began the quest for the
                  | Orb.
     0 | D:1      | Reached XP level 1. HP: 14/14 MP: 3/3
   214 | D:1      | Reached skill level 1 in Unarmed Combat
   436 | D:1      | Reached skill level 1 in Fighting
   436 | D:1      | Reached XP level 2. HP: 18/23 MP: 0/4
  1053 | D:1      | Reached XP level 3. HP: 20/28 MP: 0/5
  1737 | D:2      | Learned a level 1 spell: Animate Skeleton
  2034 | D:2      | Reached XP level 4. HP: 29/36 MP: 4/7
  2080 | D:2      | Reached skill level 1 in Armour
  2293 | D:2      | Found a hazy altar of Hepliaklqana.
  2312 | D:2      | Noticed an orc warrior
  2330 | D:2      | Slain by an orc warrior

Illustrated notes

Levels and vault maps discovered:
D:1:      roderic_octagonal_star, layout_basic
D:2:      layout_basic, general_overflow_altar, old_standard_altar

Skill      XL: |  1  2  3  4 |
---------------+-------------+-----
Unarmed Combat | 1 |  1.0
Fighting       | 1 2 |  2.1
Spellcasting   | 2 |  2.1
Armour         | 1 |  1.1
Maces & Flails | |  0.2
Dodging        | |  1.5
Stealth        | |  1.9
Necromancy     | |  4.3

Action                   |  1- 3 |  4- 6 || total
-------------------------+-------+-------++-------
Melee: Unarmed           |    35 |       ||    35
       Punch             |     1 |       ||     1
       Whip              |    13 |    12 ||    25
 Cast: Pain              |    62 |    14 ||    76
       Animate Skeleton  |     1 |     3 ||     4
Armor: Robe              |    11 |       ||    11
Dodge: Dodged            |    49 |    12 ||    61

Table legend: (Time is in decaauts)
 A = Elapsed time spent in this place.
 B = Non-inter-level travel time spent in this place.
 C = Inter-level travel time spent in this place.
 D = Time resting spent in this place.
 E = Time spent auto-exploring this place.
 F = Levels seen in this place.
 G = Mean time per level.
                   A        B        C        D        E       F      G
               +--------+--------+--------+--------+--------+-----+--------+
         Total |   2330 |   2311 |     19 |    969 |    942 |   2 | 1165.0 |
       Dungeon |   2330 |   2311 |     19 |    969 |    942 |   2 | 1165.0 |
               +--------+--------+--------+--------+--------+-----+--------+

Top non-repeatable levels by time:
     D:1: 1669 daAuts
     D:2: 661 daAuts
